 Dungeon Crawl Stone Soup version 0.24-a0-528-g98e85ec62a (webtiles) character file.

Game seed: 1954172289402193293

9560 Gargoyl the Cleaver (level 11, -4/90 HPs)
             Began as a Centaur Abyssal Knight on Aug 5, 2019.
             Was a High Priest of Lugonu.
             Slain by a spiny frog (13 damage)
             ... on level 1 of the Lair of Beasts on Aug 6, 2019.
             The game lasted 00:22:15 (17478 turns).

Gargoyl the Cleaver (Centaur Abyssal Knight)       Turns: 17478, Time: 00:22:16

Health: -4/90      AC: 11    Str: 24    XL:     11   Next: 24%
Magic:  16/16      EV:  6    Int: 11    God:    Lugonu [*****.]
Gold:   657        SH:  0    Dex: 11    Spells: 10/10 levels left

rFire    . . .     SeeInvis .   o - +11 war axe "Doabyqoo" {vamp, rPois MR+}
rCold    . . .     Gourm    .   (no shield)
rNeg     . . .     Faith    .   x - +0 chain mail of Jagye {Str+4}
rPois    +         Spirit   .   (no helmet)
rElec    .         Reflect  .   l - +2 cloak
rCorr    .         Harm     .   (no gloves)
MR       +....                  (no barding)
Stlth    ..........             d - amulet of magic regeneration
HPRegen  0.25/turn              r - +4 ring of strength
MPRegen  0.40/turn              (no ring)

@: lethally poisoned (-4 -> -9), very heavily drained, very quick
A: large, hooves 3, deformed body, speed 2, tough skin 3
a: Depart the Abyss, Bend Space, Banish, Corrupt, Enter the Abyss, Renounce
Religion


You were on level 1 of the Lair of Beasts.
You worshipped Lugonu.
Lugonu was extremely pleased with you.
You were not hungry.

You visited 2 branches of the dungeon, and saw 11 of its levels.
You visited the Abyss 1 time.
You also visited: Ossuary.

You collected 864 gold pieces.
You spent 207 gold pieces at shops.

Inventory:

Hand Weapons
 a - a +9 hand axe
 h - a +0 whip
 o - the +11 war axe "Doabyqoo" (weapon) {vamp, rPois MR+}
   (You found it on level 1 of the Lair of Beasts)

   It inflicts no extra harm, but heals its wielder when it wounds a living foe.
   It protects you from poison.
   It affects your resistance to hostile enchantments.
Missiles
 w - 4 javelins (quivered)
Armour
 l - a +2 cloak (worn)
 x - the +0 chain mail of Jagye (worn) {Str+4}
   (You found it on level 9 of the Dungeon)

   It affects your strength (+4).
Jewellery
 d - an amulet of magic regeneration (around neck)
 r - a +4 ring of strength (left hand)
Wands
 g - a wand of acid (1)
 m - a wand of random effects (35)
Scrolls
 f - 3 scrolls of remove curse
 k - 6 scrolls of teleportation
 s - 4 scrolls of enchant armour
 y - a scroll of magic mapping
Potions
 b - a potion of lignification
 e - 7 potions of flight
 j - 2 potions of invisibility
 n - 2 potions of heal wounds
 p - a potion of brilliance
 q - a potion of mutation {unknown}
 t - a potion of cancellation {unknown}
 u - a potion of haste
 v - a potion of magic {unknown}
 z - a potion of agility {unknown}
Comestibles
 c - 16 rations
 i - a chunk of flesh


   Skills:
 + Level 6.3(2.6) Fighting
 + Level 8.4(4.5) Axes
 + Level 1.1(0.0) Throwing
 * Level 8.4(4.5) Armour
 * Level 4.9(1.3) Dodging
 * Level 7.5(3.6) Invocations


You had 10 spell levels left.
You didn't know any spells.
Your spell library contained the following spells:

 Spells                   Type           Power        Failure   Level  Hunger
 Animate Skeleton         Necr           N/A          94%         1    ##.....
 Apportation              Tloc           #.....       94%         1    ##.....
 Confusing Touch          Hex            #.....       94%         1    ##.....
 Flame Tongue             Conj/Fire      #....        94%         1    ##.....
 Summon Small Mammal      Summ           #...         94%         1    ##.....
 Throw Flame              Conj/Fire      #.....       98%         2    ###....
 Conjure Flame            Conj/Fire      #.......     100%        3    ####...
 Inner Flame              Hex/Fire       #.......     100%        3    ####...
 Sticky Flame             Conj/Fire      #.......     100%        4    #####..
 Fireball                 Conj/Fire      #.........   100%        5    ######.


Dungeon Overview and Level Annotations

Branches:
Dungeon (10/15)            Temple (0/1) D:7            Lair (1/6) D:10
    Orc (0/2) D:9

Altars:
Ashenzari
Dithmenos
Fedhas
Nemelex Xobeh
Vehumet
Xom

Shops:
D:4 ?%   D:7 !   D:10 }


Innate Abilities, Weirdness & Mutations

You have hooves in place of feet.
Armour fits poorly on your strangely shaped body.
You cover ground very quickly.
You have extremely tough skin. (AC +3)


Message History

You slash the spiny frog!
The spiny frog is moderately wounded.
The spiny frog stings you!! The spiny frog stings you!
You are poisoned.
The spiny frog poisons you!
You closely miss the spiny frog.
The spiny frog is moderately wounded.
You feel sick. The spiny frog stings you!
You slash the spiny frog!
You feel better.
You kick the spiny frog!
The spiny frog is almost dead.
You feel sick. The spiny frog barely misses you. The spiny frog stings you!!
* * * LOW HITPOINT WARNING * * *
You hit the spiny frog.
The spiny frog is almost dead.
You feel sick. The spiny frog stings you!
* * * LOW HITPOINT WARNING * * *
You hit the spiny frog but do no damage.
The spiny frog is almost dead.
You feel sick. The spiny frog barely misses you. The spiny frog stings you!
You die...

#...... .. . ......# ... ..
......+ .... ###### ... # #.#.+#
....###.#P.#....##.#....#
.........................
...............[.........
........@F...............
..####.#####............
#.........#..#########.
+.............#..# #.
......#...#.....)...#..#########.
..........P.........#..##........
......#...P.........#..###...#.#.
......#.............#........##..
......#...#.........#..######.##.


You could see a spiny frog.

Vanquished Creatures
  A two-headed ogre (D:9)
  Nergalle (D:10)
  Pikel (D:5)
  A black mamba (Lair:1)
  An elephant (D:10)
  A hippogriff (D:10)
  Sigmund (D:3)
  3 wyverns
  A wraith (D:9)
  5 yaks (D:9)
  2 hungry ghosts
  Menkaure (D:4)
  2 porcupines (Lair:1)
  6 orc warriors
  A sky beast (D:5)
  3 slaves
  An ice beast (D:9)
  A black bear (D:7)
  3 phantoms
  7 ogres
  2 crocodiles (D:10)
  5 centaurs
  2 elf zombies (Ossuary)
  6 bullfrogs
  4 scorpions
  2 bullfrog zombies
  4 human zombies (Ossuary)
  3 crimson imps
  9 orc priests
  14 orc wizards
  Crazy Yiuf (D:4)
  5 hounds
  A centaur skeleton (D:4)
  A bullfrog skeleton (D:8)
  4 iguanas
  11 worker ants
  A big kobold zombie (Ossuary)
  A hound skeleton (D:7)
  4 mummies (Ossuary)
  A howler monkey zombie (D:7)
  7 gnolls
  11 adders
  A howler monkey skeleton (D:9)
  A shadow imp (D:10)
  An ooze (D:4)
  2 adder zombies (Ossuary)
  3 adder skeletons
  5 worms
  3 dart slugs (D:1)
  6 leopard geckos
  33 orcs
  11 bats
  8 giant cockroaches
  4 goblins
  7 hobgoblins
  14 jackals
  5 quokkas
  3 ball pythons
  A ball python skeleton (D:4)
  6 frilled lizards
  A jackal zombie (Ossuary)
  9 kobolds
  A leopard gecko skeleton (D:4)
  An orc zombie (Ossuary)
  A quokka skeleton (D:4)
  A quokka zombie (D:7)
  8 rats
  A rat zombie (Ossuary)
279 creatures vanquished.

Vanquished Creatures (others)
  A spiny frog (Lair:1)
  A slave (D:5)
  An orc (D:10)
  A fungus (Lair:1)
4 creatures vanquished.

Grand Total: 283 creatures vanquished

Notes
Turn   | Place    | Note
-------+----------+-------------------------------------------
     0 | Abyss:1  | Gargoyl the Centaur Abyssal Knight began the quest for the
                  | Orb.
     0 | Abyss:1  | Reached XP level 1. HP: 19/19 MP: 2/2
    97 | Abyss:1  | Noticed a large abomination
   137 | Abyss:1  | Noticed a ynoxinul
   137 | Abyss:1  | Noticed a ynoxinul
   162 | Abyss:2  | Noticed a smoke demon
   165 | D:1      | Escaped the Abyss
   573 | D:1      | Reached * piety under Lugonu
   634 | D:1      | Reached XP level 2. HP: 26/26 MP: 3/3
   791 | D:1      | Reached skill level 1 in Dodging
   939 | D:1      | Reached XP level 3. HP: 31/31 MP: 4/4
  1257 | D:1      | Found a sparkling altar of Nemelex Xobeh.
  1390 | D:2      | Reached ** piety under Lugonu
  1669 | D:2      | Found a shattered altar of Ashenzari.
  1846 | D:2      | Reached XP level 4. HP: 35/38 MP: 5/5
  2449 | D:2      | Found a shadowy altar of Dithmenos.
  3169 | D:3      | Noticed an ogre
  3182 | D:3      | Killed an ogre
  3182 | D:3      | Reached XP level 5. HP: 14/45 MP: 5/7
  3397 | D:3      | Noticed Sigmund
  3424 | D:3      | Killed Sigmund
  3424 | D:3      | Reached XP level 6. HP: 28/52 MP: 8/8
  4916 | D:4      | Reached XP level 7. HP: 52/58 MP: 9/9
  5304 | D:4      | Noticed Menkaure
  5667 | D:4      | Killed Menkaure
  5839 | D:4      | Found Tanyts's Magic Scroll Emporium.
  5842 | D:4      | Bought a scroll of enchant weapon for 105 gold pieces
  5842 | D:4      | Bought a scroll of teleportation for 42 gold pieces
  5915 | D:4      | Found a runed translucent door.
  5916 | D:4      | Noticed Crazy Yiuf
  5981 | D:4      | Reached *** piety under Lugonu
  6444 | D:4      | Found Paz Idgh's Food Shoppe.
  6560 | D:4      | Killed Crazy Yiuf
  6693 | D:5      | Entered Level 5 of the Dungeon
  6899 | D:5      | Reached XP level 8. HP: 64/66 MP: 11/11
  7161 | D:5      | Noticed Pikel
  7186 | D:5      | Killed Pikel
  7186 | D:5      | Reached skill level 5 in Axes
  7186 | D:5      | Reached skill level 5 in Armour
  7371 | D:5      | Got a glittering glass ring
  7429 | D:5      | Got a fine mace
  7430 | D:5      | Identified the +5 mace "Beetle's Funeral" {vamp, *Slow
                  | rElec rN+ Int+2} (You found it on level 5 of the Dungeon)
  7433 | D:5      | Identified the ring of Birdsong {Ice rN+ MP+9 Int-3 Dex+3}
                  | (You found it on level 5 of the Dungeon)
  7865 | D:6      | Reached skill level 5 in Invocations
  8335 | D:6      | Found a sand-covered staircase.
  8456 | Ossuary  | Entered an ossuary
  8475 | Ossuary  | Reached XP level 9. HP: 72/72 MP: 12/12
  9434 | D:7      | Found a shimmering altar of Xom.
  9746 | D:7      | Found a staircase to the Ecumenical Temple.
  9831 | D:7      | Found Zeigutem's Distillery.
  9842 | D:7      | Reached skill level 5 in Fighting
  9849 | D:7      | Bought a potion of heal wounds for 60 gold pieces
  9884 | D:7      | Found a radiant altar of Vehumet.
 10052 | D:7      | Reached **** piety under Lugonu
 11667 | D:9      | Reached XP level 10. HP: 75/81 MP: 14/14
 11671 | D:9      | Reached skill level 1 in Throwing
 12346 | D:9      | Found a staircase to the Orcish Mines.
 12468 | D:9      | Noticed a two-headed ogre
 12479 | D:9      | Killed a two-headed ogre
 13843 | D:9      | Got a crude chain mail
 13863 | D:9      | Identified the cursed +0 chain mail of Jagye {Str+4} (You
                  | found it on level 9 of the Dungeon)
 14360 | D:10     | Entered Level 10 of the Dungeon
 14367 | D:10     | Found a blossoming altar of Fedhas.
 14386 | D:10     | Found a staircase to the Lair.
 14386 | D:10     | Noticed an elephant
 14517 | D:10     | Killed an elephant
 15158 | D:10     | Reached ***** piety under Lugonu
 15171 | D:10     | Found Xurygg's Gadget Emporium.
 15274 | D:10     | Noticed Nergalle
 15300 | D:10     | HP: 2/83 [Nergalle/bolt of negative energy (32)]
 15309 | D:10     | Killed Nergalle
 15309 | D:10     | Reached XP level 11. HP: 42/89 MP: 16/16
 16293 | Lair:1   | Entered Level 1 of the Lair of Beasts
 16313 | Lair:1   | HP: 4/89 [black mamba (9)]
 17446 | Lair:1   | Got a smoking war axe
 17447 | Lair:1   | Identified the +11 war axe "Doabyqoo" {vamp, rPois MR+}
                  | (You found it on level 1 of the Lair of Beasts)
 17478 | Lair:1   | Slain by a spiny frog

Levels and vault maps discovered:
D:1:      minmay_arrival_loop, layout_basic, chequers_serial_rivers_small_a,
          minivault_27, minmay_misc_feat_alley, chequers_serial_rivers_small_b,
          st_stairs_9, hangedman_decor_opposing, interstate_on_off,
          nemelex_diamond_rough_becter
D:2:      layout_loops_ring, nicolae_ashenzari_panopticon,
          nicolae_dithmenos_shadow_blocks, corexii_shack
D:3:      layout_basic, first_ration, uniq_sigmund
D:4:      layout_gridville, serial_shops, shop, kennysheep_windowed_goal,
          uniq_menkaure, uniq_crazy_yiuf_cottage
D:5:      layout_basic, uniq_pikel
D:6:      layout_loops_ring, nicolae_ossuary_entry_false_entrances
D:7:      layout_basic, lemuel_crystal_altar, kennysheep_mini,
          minmay_temple_entry_enclosed_plants, serial_shops, nicolae_shop_stone,
          grunt_ogre_cave
D:8:      layout_basic
D:9:      layout_stronghold, david_orc_4
D:10:     layout_stronghold, david_lair_generic, serial_shops, shop,
          fedhas_altar_1, uniq_nergalle
Lair:1:   layout_regular_city

Skill      XL: |  1  2  3  4  5  6  7  8  9 10 |
---------------+-------------------------------+-----
Axes           | 2 3 4 5 7 8 |  8.4
Dodging        | 1 2 3 4 |  4.9
Armour         | 2 3 4 5 6 8 |  8.4
Invocations    | 3 4 5 6 7 |  7.5
Fighting       | 4 5 6 |  6.3
Throwing       | 1 |  1.1

Action                   |  1- 3 |  4- 6 |  7- 9 | 10-12 || total
-------------------------+-------+-------+-------+-------++-------
Melee: Hand axe          |   110 |   159 |   366 |   298 ||   933
       Kick              |    12 |    28 |    90 |    84 ||   214
       War axe           |       |       |       |     6 ||     6
Throw: Boomerang         |       |       |     5 |       ||     5
       Javelin           |       |       |     4 |     4 ||     8
Invok: Depart the Abyss  |     1 |       |       |       ||     1
       Banish            |       |       |       |     1 ||     1
  Use: Scroll            |     3 |     4 |    14 |     5 ||    26
       Potion            |       |     3 |     1 |     8 ||    12
  Eat: Chunk             |     1 |     6 |    10 |    12 ||    29
       Ration            |       |     1 |     2 |     4 ||     7
Armor: Chain mail        |    92 |   133 |   201 |   163 ||   589
       Skin              |       |     6 |    65 |     8 ||    79
Dodge: Dodged            |    21 |    61 |    75 |   101 ||   258

Table legend:
 A = Non-vault XP
 B = Vault XP
 C = Vault XP percentage of total XP
 D = Non-vault monster count
 E = Vault monster count
 F = Vault count percentage of total count
                 A         B        C        D         E       F
            +---------+---------+-------+---------+---------+-------
      Total |    9530 |    4128 |  30.2 |     228 |      50 |  18.0
            +---------+---------+-------+---------+---------+-------
        D:1 |      53 |       8 |  13.1 |      28 |       3 |   9.7
        D:2 |      91 |       1 |   1.1 |      20 |       1 |   4.8
        D:3 |     290 |     221 |  43.2 |      31 |       2 |   6.1
        D:4 |     377 |     218 |  36.6 |      28 |       3 |   9.7
        D:5 |     634 |     571 |  47.4 |      10 |       1 |   9.1
        D:6 |     289 |       0 |   0.0 |       5 |       0 |   0.0
        D:7 |     895 |     116 |  11.5 |      24 |       1 |   4.0
        D:8 |    1233 |     262 |  17.5 |      22 |       2 |   8.3
        D:9 |    3164 |     461 |  12.7 |      29 |      16 |  35.6
       D:10 |    1242 |    1777 |  58.9 |      24 |       5 |  17.2
     Lair:1 |    1262 |       0 |   0.0 |       7 |       0 |   0.0
    Ossuary |       0 |     493 | 100.0 |       0 |      16 | 100.0
            +---------+---------+-------+---------+---------+-------
